 Dungeon Crawl Stone Soup version 0.20.0-15-g7f486f2 (webtiles) character file.

114 winterking the Insei (level 4, -4/28 HPs)
             Began as an Octopode Transmuter on June 24, 2017.
             Slain by rozman's ghost (7 damage)
             ... on level 3 of the Dungeon.
             The game lasted 00:12:35 (2285 turns).

winterking the Insei (Octopode Transmuter)          Turns: 2285, Time: 00:12:36

Health: -4/28      AC:  1    Str:  9    XL:     4   Next: 98%
Magic:  1/7        EV: 12    Int: 15    God:
Gold:   267        SH:  0    Dex: 13    Spells: 1/7 levels left

rFire    . . .     SeeInvis .     - Unarmed
rCold    . . .     Gourm    .   (no shield)
rNeg     . . .     Faith    .   (helmet restricted)
rPois    .         Spirit   .   (no amulet)
rElec    .         Reflect  .   (no ring)
rCorr    .         Harm     .   (no ring)
MR       .....                  (no ring)
Stlth    ++........             (no ring)
Regen    0.1/turn               (no ring)
MPRegen  0.1/turn               (no ring)
                                (no ring)
                                (no ring)

@: heavily drained
A: almost no armour, stealthy swim, amphibious, 8 rings, constrict 8, camouflage
1, gelatinous body 1
a: no special abilities


You were on level 3 of the Dungeon.
You were hungry.

You visited 1 branch of the dungeon, and saw 3 of its levels.

You collected 267 gold pieces.

Inventory:

Hand Weapons
 k - a cursed -2 hunting sling
Missiles
 a - 59 arrows
Scrolls
 g - 2 scrolls of magic mapping
Potions
 f - a potion of mutation {unknown}
 h - 2 potions of brilliance
 l - a potion of heal wounds {unknown}
Books
 b - a book of Changes

   Spells                             Type                      Level
   a - Beastly Appendage              Transmutation                1
   b - Sticks to Snakes               Transmutation                2
   c - Spider Form                    Transmutation/Poison         3
   d - Ice Form                       Ice/Transmutation            4
   e - Blade Hands                    Transmutation                5
 m - a book of Minor Magic

   Spells                             Type                      Level
   a - Magic Dart                     Conjuration                  1
   b - Blink                          Translocation                2
   c - Call Imp                       Summoning                    2
   d - Slow                           Hexes                        2
   e - Conjure Flame                  Conjuration/Fire             3
   f - Mephitic Cloud                 Conjuration/Poison/Air       3
Comestibles
 c - 2 bread rations
 d - 3 meat rations
 i - 3 chunks of flesh
 j - 2 royal jellies


   Skills:
 - Level 1.0(0.0) Fighting
 - Level 2.0(0.8) Dodging
 + Level 5.5(4.1) Unarmed Combat
 - Level 2.0(0.8) Spellcasting
 - Level 2.0(0.8) Transmutations


You had one spell level left.
You knew the following spells:

 Your Spells              Type           Power        Failure   Level  Hunger
a - Beastly Appendage     Tmut           #.....       19%         1    ##.....
b - Sticks to Snakes      Tmut           #.......     26%         2    ###....
c - Spider Form           Tmut/Pois      #.........   54%         3    ####...


Dungeon Overview and Level Annotations

Branches:
Dungeon (3/15)

Altars:

Annotations:
D:3 rozman's ghost, amateur DsNe


Innate Abilities, Weirdness & Mutations

You cannot wear most types of armour.
You are very stealthy in the water. (Stealth+)
You are amphibious.
You can wear up to eight rings at the same time.
You can use your tentacles to constrict eight enemies at once.
Your skin changes colour to match your surroundings (Stealth+).
Your rubbery body absorbs attacks. (AC +1, EV +1)


Message History

Rozman's ghost closely misses you.
Your ball python bites rozman's ghost but does no damage.
You tentacle-slap rozman's ghost. Your squeeze misses rozman's ghost.
Rozman's ghost is lightly damaged.
Rozman's ghost hits you.
* * * LOW HITPOINT WARNING * * *
You feel drained.
* * * LOW HITPOINT WARNING * * *
Your ball python misses rozman's ghost.
You closely miss rozman's ghost.
You tentacle-slap rozman's ghost, but do no damage.
You squeeze rozman's ghost, but do no damage.
Rozman's ghost is lightly damaged.
Rozman's ghost gestures wildly while chanting.
Rozman's ghost's wounds begin to heal before your eyes!
Your ball python misses rozman's ghost.
You closely miss rozman's ghost.
Rozman's ghost is lightly damaged.
Rozman's ghost hits you!
You die...

..#.# .....
#.#.# #.#.#
#)#.#
#.#####.#.####
#....[.......#
########.####.#
.......@S#
.#######W# #.#
... .### #. #.
#.


You could see rozman's ghost and a friendly ball python.

Vanquished Creatures
  6 adders
  An ooze (D:2)
  A worm (D:1)
  An orc (D:3)
  A ball python (D:1)
  7 bats
  4 giant cockroaches
  11 hobgoblins
  6 jackals (D:2)
  5 kobolds
  A frilled lizard (D:1)
  3 goblins (D:1)
  5 rats
  A fungus (D:1)
53 creatures vanquished.

Notes
Turn   | Place    | Note
-------+----------+-------------------------------------------
     0 | D:1      | winterking the Octopode Transmuter began the quest for the Orb.
     0 | D:1      | Reached XP level 1. HP: 13/13 MP: 3/3
    92 | D:1      | Reached XP level 2. HP: 9/18 MP: 5/5
   478 | D:1      | You fall through a shaft!
   637 | D:1      | Reached skill level 4 in Unarmed Combat
   710 | D:1      | Reached XP level 3. HP: 19/23 MP: 6/6
  1007 | D:1      | Learned a level 2 spell: Sticks to Snakes
  1011 | D:1      | Learned a level 3 spell: Spider Form
  1511 | D:2      | Reached XP level 4. HP: 12/28 MP: 7/7
  1779 | D:2      | Reached skill level 5 in Unarmed Combat
  2258 | D:3      | Noticed rozman's ghost (amateur DsNe)
  2285 | D:3      | Slain by rozman's ghost

Skill      XL: |  1  2  3  4 |
---------------+-------------+-----
Unarmed Combat | 4 5 |  5.5
Fighting       | |  1.0
Dodging        | |  2.0
Spellcasting   | |  2.0
Transmutations | |  2.0

Action                   |  1- 3 |  4- 6 || total
-------------------------+-------+-------++-------
Melee: Unarmed           |    89 |    55 ||   144
       Constrict         |    19 |    11 ||    30
       Tentacles         |    13 |     8 ||    21
       Punch             |     5 |     2 ||     7
 Cast: Sticks to Snakes  |       |     4 ||     4
  Use: Scroll            |     4 |     3 ||     7
 Stab: Sleeping          |     8 |       ||     8
       Distracted        |     1 |       ||     1
  Eat: Chunk             |     2 |     2 ||     4
Armor: Skin              |     5 |     2 ||     7
Dodge: Dodged            |    50 |    30 ||    80
